 Dungeon Crawl Stone Soup version 0.20.0-8-g6b59dc7 (webtiles) character file.

1251 Darkell the Chopper (level 8, 0/73 HPs)
             Began as a Deep Dwarf Fighter on May 29, 2017.
             Was an Initiate of Makhleb.
             Slain by an orc warrior
             ... wielding a +0 hand axe
              (13 damage)
             ... on level 6 of the Dungeon.
             The game lasted 00:11:57 (4408 turns).

Darkell the Chopper (Deep Dwarf Fighter)            Turns: 4408, Time: 00:11:57

Health: 0/73       AC: 14    Str: 22    XL:     8   Next: 26%
Magic:  6/6        EV: 13    Int:  9    God:    Makhleb [......]
Gold:   211        SH: 10    Dex: 12    Spells: 7/7 levels left

rFire    . . .     SeeInvis .   a - +0 war axe
rCold    . . .     Gourm    .   c - +0 shield
rNeg     . . .     Faith    .   b - +0 scale mail
rPois    .         Spirit   .   v - +1 helmet
rElec    .         Reflect  .   (no cloak)
rCorr    .         Harm     .   (no gloves)
MR       +....                  (no boots)
Stlth    +.........             (no amulet)
Regen    0.0/turn               u - +5 ring of protection
MPRegen  0.1/turn               t - +4 ring of evasion

@: non-regenerating
A: damage resistance, heal wounds, sense surroundings 1, no regeneration
a: Heal Wounds, Renounce Religion


You were on level 6 of the Dungeon.
You worshipped Makhleb.
Makhleb was noncommittal.
You were near starving.

You visited 1 branch of the dungeon, and saw 6 of its levels.
You also visited: Sewer.

You collected 211 gold pieces.

Inventory:

Hand Weapons
 a - a +0 war axe (weapon)
 o - a +0 war axe
Armour
 b - a +0 scale mail (worn)
 c - a +0 shield (worn)
 v - a +1 helmet (worn)
Jewellery
 l - an uncursed ring of magical power
 m - a +3 ring of protection
 t - a +4 ring of evasion (right hand)
 u - a +5 ring of protection (left hand)
Wands
 k - a wand of paralysis (13/24)
 p - a wand of paralysis (22/24)
Scrolls
 e - a scroll of enchant armour
 i - 2 scrolls of teleportation
 j - 3 scrolls of remove curse
 n - a scroll of noise {unknown}
 q - a scroll of recharging
 s - 2 scrolls of fog
 x - 2 scrolls of fear
 y - a scroll of blinking
Potions
 d - a potion of might
 h - a potion of haste
 z - 5 potions of curing
 A - a potion of magic {unknown}
 B - a potion of berserk rage
Comestibles
 f - 5 bread rations
 g - 4 royal jellies
 r - 9 fruits
 w - 2 meat rations


   Skills:
 + Level 4.5 Fighting
 + Level 7.4 Axes
 + Level 5.0 Armour
 + Level 2.3 Dodging
 + Level 2.6 Stealth
 + Level 5.5 Shields


You had 7 spell levels left.
You didn't know any spells.

Dungeon Overview and Level Annotations

Branches:
Dungeon (6/15)
 Temple: D:4-7

Altars:
Elyvilon
Kikubaaqudgha
Makhleb
Xom
Yredelemnul

Annotations:
D:5 Unholydonuts's ghost, amateur GrGl


Innate Abilities, Weirdness & Mutations

You are resistant to damage.
You can heal yourself by infusing magical energy.
You passively map a small area around you.
You do not regenerate.


Message History

You kill the orc!
Makhleb accepts your kill.
You closely miss the orc warrior. The orc warrior misses you.
You hit the orc warrior but do no damage.
The orc warrior hits you with a hand axe!
* * * LOW HITPOINT WARNING * * *
You hit the orc warrior but do no damage.
You block the orc warrior's attack.
You barely miss the orc warrior. You block the orc warrior's attack.
You slash the orc warrior!
The orc warrior is moderately wounded.
The orc warrior hits you with a hand axe!
* * * LOW HITPOINT WARNING * * *
You barely miss the orc warrior.
The orc warrior is moderately wounded.
You block the orc warrior's attack.
You barely miss the orc warrior.
The orc warrior is moderately wounded.
The orc warrior hits you with a hand axe!
You die...

.# #.###########.#.##.#####..# .#
#..........##.#.##.# ##..#### .#
##.####.##.##.#.##.####....... .#
#.# #.##.##............#.### .#
#.# #.##.##.#.##.####..#.# .# #.#
#.##<##.#.##.........# ##
#.####.##.##)#.#######..###
#.##.........#.# #..#
#.##....#.##@#.#######..#####
#.........##o#.#............#
#####.........##oo...o......###.#
..............####.#.#####..###.#
#####.........# #.#.#####..##...
#...........# #..........#.###
#.#.......>## #...#####...# #
#.#........# #.#.# #....#
#.#######..# #.#.####....## #


You could see an orc warrior, an orc priest and an orc.

Vanquished Creatures
  The ghost of Unholydonuts the Cudgeler, a novice GrGl of the Shining One (D:4)
  A phantom (D:3)
  2 bullfrogs
  2 scorpions
  A crimson imp (D:5)
  A bullfrog zombie (D:5)
  3 hounds
  2 bullfrog skeletons
  2 centaur skeletons
  An iguana (D:6)
  2 worker ants
  A hound skeleton (D:4)
  Robin (D:3)
  13 adders
  5 river rats
  A shadow imp (D:5)
  2 oozes
  6 worms
  3 dart slugs
  2 leopard geckos
  7 orcs
  4 ball pythons
  4 bats
  4 giant cockroaches
  8 goblins
  11 hobgoblins
  6 jackals (D:2)
  11 kobolds
  A quokka (D:6)
  12 frilled lizards
  2 jackal skeletons (D:4)
  A leopard gecko skeleton (D:4)
  A quokka skeleton (D:5)
  24 rats
148 creatures vanquished.

Vanquished Creatures (others)
  A howler monkey (D:4)
  A frilled lizard (D:4)
2 creatures vanquished.

Grand Total: 150 creatures vanquished

Notes
Turn   | Place    | Note
-------+----------+-------------------------------------------
     0 | D:1      | Darkell the Deep Dwarf Fighter began the quest for the Orb.
     0 | D:1      | Reached XP level 1. HP: 20/20 MP: 1/1
   158 | D:1      | Reached XP level 2. HP: 25/27 MP: 2/2
   631 | D:2      | Reached skill level 3 in Axes
   638 | D:2      | Reached XP level 3. HP: 25/34 MP: 3/3
   970 | D:2      | Reached XP level 4. HP: 22/42 MP: 4/4
  1357 | D:3      | Reached skill level 4 in Axes
  1458 | D:3      | Noticed a phantom
  1487 | D:3      | Killed a phantom
  1487 | D:3      | Reached XP level 5. HP: 15/49 MP: 5/5
  1690 | D:3      | Found a basalt altar of Yredelemnul.
  1755 | D:3      | HP: 2/49 [kobold (1)]
  1852 | D:3      | Noticed Robin
  1873 | D:3      | Killed Robin
  1873 | D:3      | Reached XP level 6. HP: 30/56 MP: 6/6
  1882 | D:3      | Reached skill level 5 in Axes
  2007 | D:3      | Found a white marble altar of Elyvilon.
  2260 | D:4      | Reached skill level 1 in Stealth
  2344 | D:4      | Noticed Unholydonuts's ghost (novice GrGl)
  2355 | D:4      | Found a shimmering altar of Xom.
  2397 | D:4      | Reached skill level 1 in Dodging
  2398 | D:4      | HP: 2/57 [Unholydonuts's ghost (8)]
  2444 | D:4      | Killed Unholydonuts's ghost
  2444 | D:4      | Reached skill level 6 in Axes
  2444 | D:4      | Reached skill level 5 in Shields
  2444 | D:4      | Reached XP level 7. HP: 11/63 MP: 5/5
  2750 | D:5      | Entered Level 5 of the Dungeon
  3010 | D:5      | Noticed Unholydonuts's ghost (amateur GrGl)
  3227 | D:5      | Found a burning altar of Makhleb.
  3293 | D:5      | Found an ancient bone altar of Kikubaaqudgha.
  3295 | D:5      | Found a shimmering altar of Xom.
  3346 | D:5      | HP: 3/64 [bullfrog zombie (3)]
  3390 | D:6      | Reached skill level 5 in Armour
  3439 | D:6      | Reached XP level 8. HP: 36/73 MP: 6/6
  3734 | D:6      | Found a glowing drain.
  3740 | Sewer    | Entered a sewer
  3803 | Sewer    | Reached skill level 7 in Axes
  4190 | D:5      | Became a worshipper of Makhleb the Destroyer
  4408 | D:6      | Slain by an orc warrior

Skill      XL: |  1  2  3  4  5  6  7  8 |
---------------+-------------------------+-----
Fighting       | 3 4 |  4.5
Axes           | 3 4 6 7 |  7.4
Shields        | 4 5 |  5.5
Armour         | 4 5 |  5.0
Stealth        | 2 |  2.6
Dodging        | 1 2 |  2.3

Action                   |  1- 3 |  4- 6 |  7- 9 || total
-------------------------+-------+-------+-------++-------
Melee: War axe           |   126 |   210 |   246 ||   582
 Abil: Heal Wounds       |       |     5 |     1 ||     6
  Use: Potion            |       |     8 |     1 ||     9
       Scroll            |       |       |     8 ||     8
 Stab: Invisible         |       |     5 |       ||     5
  Eat: Chunk             |       |     5 |     6 ||    11
Armor: Scale mail        |    71 |    76 |   106 ||   253
       Skin              |       |    13 |       ||    13
Dodge: Dodged            |    39 |    49 |    82 ||   170
Block: Shield            |    71 |   130 |   118 ||   319
